 Dungeon Crawl Stone Soup version 0.29-a0-422-gafbd6decc1 (webtiles) character file.

Game seed: 1598916684275187545

28 happo123 the Vexing (level 3, 0/26 HPs)
             Began as a Formicid Arcane Marksman on May 18, 2022.
             Slain by a quokka (1 damage)
             ... on level 1 of the Dungeon.
             The game lasted 00:04:25 (342 turns).

happo123 the Vexing (Formicid Arcane Marksman)       Turns: 342, Time: 00:04:26

Health: 0/26       AC:  3    Str: 14    XL:     3   Next: 27%
Magic:  4/4        EV: 11    Int: 12    God:
Gold:   38         SH:  0    Dex: 13    Spells: 3/4 levels left

rFire   . . .      SeeInvis +   a - +0 hand crossbow
rCold   . . .      Faith    .   (no shield)
rNeg    . . .      Spirit   .   d - +0 leather armour
rPois   .          Reflect  .   (helmet unavailable)
rElec   .          Harm     .   (no cloak)
rCorr   .          Rampage  .   (no gloves)
Will    .....                   (no boots)
Stlth   +.........              (no amulet)
HPRegen 0.08/turn               (no ring)
MPRegen 0.09/turn               (no ring)

@: no status effects
A: permanent stasis, dig shafts and tunnels, antennae 3, four strong arms
a: Dig, Shaft Self


You were on level 1 of the Dungeon.
You visited 1 branch of the dungeon, and saw 1 of its levels.

You collected 38 gold pieces.

Inventory:

Hand Weapons
 a - a +0 hand crossbow (weapon)
Armour
 d - a +0 leather armour (worn)
Scrolls
 b - a scroll of teleportation {unknown}
 c - 3 scrolls of vulnerability


   Skills:
 + Level 1.1 Fighting
 + Level 2.4 Crossbows
 + Level 1.8 Dodging
 + Level 1.1 Spellcasting
 + Level 4.6 Hexes


You had 3 spell levels left.
You knew the following spells:

 Your Spells              Type           Power      Damage    Failure   Level
a - Slow                  Hex            44%        N/A       5%          1

Your spell library contained the following spells:

 Spells                   Type           Power      Damage    Failure   Level
 Inner Flame              Hex/Fire       6%         N/A       41%         3
 Portal Projectile        Hex/Tloc       12%        N/A       41%         3
 Cause Fear               Hex            5%         N/A       50%         4


Dungeon Overview and Level Annotations

Branches:
Dungeon (1/15)

Altars:


Innate Abilities, Weirdness & Mutations

You cannot be hasted, slowed, berserked, paralysed or teleported.
You can dig through walls and to a lower floor.
You have a pair of large antennae on your head. (SInv)
Your four strong arms can wield two-handed weapons with a shield.


Message History

The hobgoblin is almost dead.
The quokka closely misses you.
The hobgoblin hits you but does no damage. x2
Shoot: a) +0 hand crossbow
Press: ? - help, Shift-Dir - straight line, f/p - hobgoblin
Aim: a hobgoblin (severely wounded, 59% to hit)
You shoot a bolt. The bolt hits the hobgoblin.
You kill the hobgoblin!
The quokka barely misses you. The hobgoblin hits you.
* * * LOW HITPOINT WARNING * * *
The quokka bites you but does no damage.
The hobgoblin barely misses you. The endoplasm freezes you.
You are frozen.
* * * LOW HITPOINT WARNING * * *
Shoot: a) +0 hand crossbow
Press: ? - help, Shift-Dir - straight line, f - endoplasm
Aim: an endoplasm (86% to hit)
You shoot a bolt. The bolt hits the endoplasm!
You kill the endoplasm!
The quokka barely misses you.
A kobold comes into view. It is wielding a +0 short sword.
The hobgoblin hits you.
* * * LOW HITPOINT WARNING * * *
The quokka misses you.
Shoot: a) +0 hand crossbow
Press: ? - help, Shift-Dir - straight line, f - hobgoblin
Aim: a hobgoblin (59% to hit)
You shoot a bolt. The kobold shouts!
The bolt hits the hobgoblin!
You kill the hobgoblin!
The quokka barely misses you.
An endoplasm comes into view.
The quokka closely misses you.
Shoot: a) +0 hand crossbow
Press: ? - help, Shift-Dir - straight line, f - quokka
Aim: a quokka (48% to hit)
You shoot a bolt. The bolt closely misses the quokka.
The quokka bites you.
You die...

.............# .
............)## .
....##........# .
..............#### .
. ..................
.
#.###....#...####.#.
. ..!...........##
.. ..
..................
.....
......†@........##
##..
...$..r........##
... ..............##
... ..K.....##...##
... ....##########
... J..# ... ..# #..
## ##. ##


You could see an endoplasm, a quokka and a kobold.

Vanquished Creatures
  A bat (D:1)
  5 endoplasms (D:1)
  3 goblins (D:1)
  6 hobgoblins (D:1)
  A quokka (D:1)
  4 ball pythons (D:1)
  A frilled lizard (D:1)
  2 kobolds (D:1)
23 creatures vanquished.

Notes
Turn   | Place    | Note
-------+----------+-------------------------------------------
     0 | D:1      | happo123 the Formicid Arcane Marksman began the quest for
                  | the Orb.
     0 | D:1      | Reached XP level 1. HP: 15/15 MP: 2/2
    74 | D:1      | Reached skill level 4 in Hexes
    82 | D:1      | Reached XP level 2. HP: 17/21 MP: 1/3
   315 | D:1      | Reached XP level 3. HP: 26/26 MP: 4/4
   340 | D:1      | HP: 1/26 [hobgoblin (3)]
   342 | D:1      | Slain by a quokka

Illustrated notes

Levels and vault maps discovered:
D:1:      wheals_arrival_linesprint, layout_rooms

Skill      XL: |  1 |
---------------+----+-----
Hexes          | 4 |  4.6
Fighting       | |  1.1
Crossbows      | |  2.4
Dodging        | |  1.8
Spellcasting   | |  1.1

Action                   || total
-------------------------++-------
 Fire: Hand crossbow     ||    60
 Cast: Slow              ||     5
Armor: Robe              ||     5
       Leather armour    ||    10
Dodge: Dodged            ||    37

Table legend: (Time is in decaauts)
 A = Elapsed time spent in this place.
 B = Non-inter-level travel time spent in this place.
 C = Inter-level travel time spent in this place.
 D = Time resting spent in this place.
 E = Time spent auto-exploring this place.
 F = Levels seen in this place.
 G = Mean time per level.
                   A        B        C        D        E       F      G
               +--------+--------+--------+--------+--------+-----+--------+
         Total |    366 |    325 |     41 |      0 |    189 |   1 |  366.0 |
       Dungeon |    366 |    325 |     41 |      0 |    189 |   1 |  366.0 |
               +--------+--------+--------+--------+--------+-----+--------+

Top non-repeatable levels by time:
     D:1: 366 daAuts
